 Dungeon Crawl Stone Soup version 0.28-a0-563-gf77a47075d (webtiles) character file.

Game seed: 14985112441993680774

209 omnomnOMINOUS the Skirmisher (level 5, -4/34 (37) HPs)
             Began as an Octopode Wanderer on Sept 29, 2021.
             Was a Believer of Cheibriados.
             Slain by a wight (10 damage)
             ... on level 4 of the Dungeon.
             The game lasted 00:07:14 (3145 turns).

omnomnOMINOUS the Skirmisher (Octopode Wanderer)    Turns: 3145, Time: 00:07:14

HP:   -4/34 (37)    AC:  1    Str: 17    XL:     5   Next: 87%
MP:   9/9           EV: 14    Int: 20    God:    Cheibriados [**....]
Gold: 66            SH:  0    Dex: 19    Spells: 4/10 levels left

rFire   . . .      SeeInvis .   a - +2 spear
rCold   . . .      Faith    .   (no shield)
rNeg    . . .      Spirit   .   (helmet restricted)
rPois   .          Reflect  .   (no amulet)
rElec   .          Harm     .   c - ring of flight
rCorr   .          Rampage  .   (no ring)
Will    .....                   (no ring)
Stlth   +++.......              (no ring)
HPRegen 0.11/turn               (no ring)
MPRegen 0.11/turn               (no ring)
                                (no ring)
                                (no ring)

@: flying, drained, very slow
A: almost no armour, amphibious, 8 rings, camouflage 1, gelatinous body 1,
(nimble swimmer 1), tentacles
a: Renounce Religion, Bend Time


You were on level 4 of the Dungeon.
You worshipped Cheibriados.
Cheibriados was pleased with you.
You visited 1 branch of the dungeon, and saw 6 of its levels.

You collected 66 gold pieces.

Inventory:

Hand Weapons
 a - a +2 spear (weapon)
Jewellery
 c - a ring of flight (left tentacle)
Scrolls
 b - 4 scrolls of enchant weapon {unknown}
 j - a scroll of identify {unknown}
 k - a scroll of vulnerability {unknown}
 l - a scroll of magic mapping {unknown}
 n - a scroll of summoning {unknown}
 o - a scroll of immolation {unknown}
Potions
 d - a potion of mutation {unknown}
 e - a potion of heal wounds {unknown}
 f - a potion of brilliance
 h - a potion of invisibility {unknown}
 i - a potion of flight {unknown}
 m - a potion of lignification {unknown}
 p - a potion of attraction {unknown}


   Skills:
 + Level 3.9 Fighting
 - Level 2.0 Polearms
 + Level 2.2 Dodging
 - Level 3.0 Spellcasting
 + Level 1.6 Conjurations
 + Level 1.5 Summonings
 - Level 1.0 Fire Magic
 + Level 2.2 Earth Magic
 - Level 2.1 Evocations


You had 4 spell levels left.
You knew the following spells:

 Your Spells              Type           Power      Damage    Failure   Level
a - Stone Arrow           Conj/Erth      20%        3d8       19%         3
b - Call Canine Familiar  Summ           9%         N/A       22%         3

Your spell library contained the following spells:

 Spells                   Type           Power      Damage    Failure   Level
 Sandblast                Erth           22%        2d7       6%          1
 Freeze                   Ice            12%        1d4       14%         1
 Ozocubu's Armour         Ice            3%         N/A       38%         3
 Portal Projectile        Hex/Tloc       6%         N/A       38%         3
 Leda's Liquefaction      Hex/Erth       3%         N/A       65%         4


Dungeon Overview and Level Annotations

Branches:
Dungeon (6/15)
 Temple: D:4-7

Altars:
Cheibriados
Nemelex Xobeh

Shops:
D:3 (


Innate Abilities, Weirdness & Mutations

You cannot wear most types of armour.
You are amphibious.
You can wear up to eight rings at the same time.
Your skin changes colour to match your surroundings (Stealth+).
Your rubbery body absorbs attacks. (AC +1, EV +1)
((You are camouflaged near water. (Stealth+)))
You have tentacles for arms and can constrict up to eight enemies at once.


Message History

You puncture the hobgoblin!
You kill the hobgoblin!
Cheibriados appreciates the change of pace.
The kobold shouts!
The kobold throws a stone.
The stone closely misses you.
The kobold throws a stone.
The stone barely misses you.
You reach to attack!
You hit the kobold.
The kobold is moderately wounded.
You puncture the kobold!
You kill the kobold!
Cheibriados thoroughly appreciates the change of pace.
No target in view!
No target in view!
A wight comes into view. It is wielding a +5 great sword.
Things that are here:
a +0 dagger; 4 stones; a kobold corpse A wight comes into view.
It is wielding a +5 flail.
You reach to attack!
You hit the wight but do no damage. You closely miss the wight.
You grab the wight. You squeeze the wight!
The wight is heavily damaged.
You constrict the wight. The wight closely misses you.
You barely miss the wight.
The wight is severely damaged.
You constrict the wight, but do no damage.
The wight hits you with a +5 great sword!!
You feel drained.
You are too injured to fight recklessly!
You are too injured to fight recklessly!
You are too injured to fight recklessly!
Unknown command.
You hit the wight.
The wight is severely damaged.
You constrict the wight, but do no damage.
The wight hits you with a +5 great sword!
* * * LOW HITPOINT WARNING * * *
You feel drained.
* * * LOW HITPOINT WARNING * * *
You feel better.
You constrict the wight.
The wight hits you with a +5 great sword!
You die...

### #.. .# #.# .# #.#
.# ###.###.#########.##
.).....^<..........####
##..##.##.#...........
#.###..##)...#### #.#
#..##@#.## #.#
#..##z#.# ... .....z. #
#.##..(...##
..........# #.# #.....
###..# ...#


You could see 2 wights.

Vanquished Creatures
  A howler monkey (D:5)
  A hound (D:6)
  2 orc wizards
  A howler monkey skeleton (D:5)
  2 adders (D:3)
  2 dart slugs
  6 orcs
  5 ball pythons
  3 endoplasms
  6 goblins
  7 hobgoblins
  4 kobolds
  A quokka (D:2)
  6 bats
  5 frilled lizards
  4 rats
  A spectral hobgoblin (D:1)
57 creatures vanquished.

Notes
Turn   | Place    | Note
-------+----------+-------------------------------------------
     0 | D:1      | omnomnOMINOUS the Octopode Wanderer began the quest for the
                  | Orb.
     0 | D:1      | omnomnOMINOUS set off with the following items: a +2 spear;
                  | and the following spells available to memorise: Sandblast,
                  | Freeze, Stone Arrow, Ozocubu's Armour
     0 | D:1      | Reached XP level 1. HP: 16/16 MP: 4/4
   126 | D:1      | Reached skill level 1 in Polearms
   126 | D:1      | Reached XP level 2. HP: 12/21 MP: 6/6
   286 | D:1      | Found a faded altar of an unknown god.
   298 | D:1      | Became a worshipper of Cheibriados the Contemplative
   298 | D:1      | Reached * piety under Cheibriados
   665 | D:1      | Reached skill level 1 in Dodging
   914 | D:2      | Reached XP level 3. HP: 21/26 MP: 7/7
   922 | D:2      | Learned a level 3 spell: Stone Arrow
  1108 | D:2      | Reached ** piety under Cheibriados
  1535 | D:3      | Learned a level 3 spell: Call Canine Familiar
  1571 | D:3      | Found a sparkling altar of Nemelex Xobeh.
  1630 | D:3      | You fall into a shaft and drop 2 floors!
  1630 | D:5      | Entered Level 5 of the Dungeon
  1837 | D:5      | Noticed an ogre
  1875 | D:6      | Reached XP level 4. HP: 27/31 MP: 8/8
  1910 | D:6      | Noticed a phantom
  1936 | D:6      | Noticed a phantom
  2301 | D:5      | Reached skill level 1 in Conjurations
  2301 | D:5      | Reached skill level 1 in Summonings
  2332 | D:5      | Reached XP level 5. HP: 34/37 MP: 9/9
  2715 | D:3      | Found Aqakath Neto's Antique Weapon Shoppe.
  3144 | D:4      | HP: 1/34 [wight (2)]
  3145 | D:4      | Slain by a wight

Illustrated notes

Levels and vault maps discovered:
D:1:      dpeg_arrival_arbitrary_c, layout_loops_ring,
          dreamdust_ecumenical_altar_drowned_temple, minmay_cupped
D:2:      layout_basic
D:3:      layout_loops_cross, nemelex_spade_bored_becter, serial_shops, shop,
          supply_closet_lemuel
D:4:      layout_loops_ring
D:5:      layout_basic
D:6:      layout_rooms, minmay_temple_entry_drinking_statues, serial_shops, shop

Skill      XL: |  1  2  3  4  5 |
---------------+----------------+-----
Polearms       | 1 2 |  2.0
Dodging        | 1 2 |  2.2
Conjurations   | 1 |  1.6
Summonings     | 1 |  1.5
Earth Magic    | 2 |  2.2
Fighting       | |  3.9
Spellcasting   | |  3.0
Fire Magic     | |  1.0
Evocations     | |  2.1

Action                   |  1- 3 |  4- 6 || total
-------------------------+-------+-------++-------
Melee: Spear             |    67 |    53 ||   120
       Constrict         |    10 |    13 ||    23
       Tentacles         |    12 |     8 ||    20
  Use: Potion            |     2 |     1 ||     3
       Scroll            |     1 |       ||     1
 Stab: Sleeping          |     6 |     7 ||    13
       Distracted        |       |     1 ||     1
Armor: Skin              |     6 |     2 ||     8
Dodge: Dodged            |    32 |    16 ||    48

Table legend: (Time is in decaauts)
 A = Elapsed time spent in this place.
 B = Non-inter-level travel time spent in this place.
 C = Inter-level travel time spent in this place.
 D = Time resting spent in this place.
 E = Time spent auto-exploring this place.
 F = Levels seen in this place.
 G = Mean time per level.
                   A        B        C        D        E       F      G
               +--------+--------+--------+--------+--------+-----+--------+
         Total |   3891 |   3858 |     33 |    831 |   2367 |   6 |  648.5 |
       Dungeon |   3891 |   3858 |     33 |    831 |   2367 |   6 |  648.5 |
               +--------+--------+--------+--------+--------+-----+--------+

Top non-repeatable levels by time:
     D:3: 1149 daAuts
     D:1: 1090 daAuts
     D:2: 798 daAuts
     D:5: 657 daAuts
     D:6: 109 daAuts
     D:4: 84 daAuts
